 Dungeon Crawl Stone Soup version 0.28.0-45-g0d030f2227 (webtiles) character file.

Game seed: 12740274079377851930

990 croobank the Ducker (level 8, -6/60 HPs)
             Began as a Gnoll Wanderer on Apr 3, 2022.
             Was an Initiate of Gozag.
             Mangled by Prince Ribbit (9 damage)
             ... on level 5 of the Dungeon.
             The game lasted 00:17:26 (4942 turns).

croobank the Ducker (Gnoll Wanderer)                Turns: 4942, Time: 00:17:27

Health: -6/60      AC: 12    Str: 15    XL:     8   Next: 18%
Magic:  0/12       EV:  9    Int: 13    God:    Gozag
Gold:   258        SH:  0    Dex: 13    Spells: 13/13 levels left

rFire   . . .      SeeInvis .   a - +5 mace of the Saviour {vorpal, Int+4}
rCold   . . .      Faith    .   (no shield)
rNeg    . . .      Spirit   +   i - +0 chain mail
rPois   +          Reflect  .   (no helmet)
rElec   .          Harm     .   v - +0 cloak
rCorr   .          Rampage  .   (no gloves)
Will    .....                   t - +0 pair of boots
Stlth   ..........              h - amulet of guardian spirit
HPRegen 0.20/turn               p - ring of poison resistance
MPRegen 0.13/turn               (no ring)

@: gold aura
A: fangs 1, strong nose, distributed training
a: Renounce Religion, Potion Petition, Call Merchant, Bribe Branch


You were on level 5 of the Dungeon.
You worshipped Gozag.
Gozag was aware of your devotion.
You visited 2 branches of the dungeon, and saw 6 of its levels.

You collected 313 gold pieces.
You paid 55 gold pieces to Gozag.

Inventory:

Hand Weapons
 a - the +5 mace of the Saviour (weapon) {vorpal, Int+4}
   (You found it on level 3 of the Dungeon)

   It inflicts extra damage upon your enemies.
   Int:       It affects your intelligence (+4).
 b - a +0 shortbow
 g - a +0 hand axe
 j - a +0 spear
 l - a +1 vorpal halberd
Missiles
 c - 86 arrows
 f - 169 stones (quivered)
Armour
 i - a +0 chain mail (worn)
 n - a +2 leather armour
 o - a +0 ring mail
 t - a +0 pair of boots (worn)
 v - a +0 cloak (worn)
Jewellery
 h - an amulet of guardian spirit (around neck)
 p - a ring of poison resistance (left hand)
Wands
 y - a wand of paralysis (2)
Scrolls
 d - a scroll of fog
 e - a scroll of noise {unknown}
 r - a scroll of identify
 s - a scroll of enchant weapon {unknown}
 z - a scroll of amnesia {unknown}
Potions
 k - 3 potions of curing
 q - a potion of attraction {unknown}
 x - a potion of brilliance {unknown}
 A - a potion of haste {unknown}


   Skills:
 + Level 4.0 Fighting
 + Level 3.0 Short Blades
 + Level 3.0 Long Blades
 + Level 3.0 Axes
 + Level 3.0 Maces & Flails
 + Level 3.0 Polearms
 + Level 3.0 Staves
 + Level 3.0 Slings
 + Level 4.0 Bows
 + Level 3.0 Crossbows
 + Level 3.0 Throwing
 + Level 5.5 Armour
 + Level 7.2 Dodging
 + Level 3.9 Stealth
 + Level 3.0 Shields
 + Level 3.0 Unarmed Combat
 + Level 3.0 Spellcasting
 + Level 2.4 Conjurations
 + Level 2.4 Hexes
 + Level 2.4 Summonings
 + Level 2.4 Necromancy
 + Level 2.4 Translocations
 + Level 2.4 Transmutations
 + Level 2.4 Fire Magic
 + Level 2.4 Ice Magic
 + Level 2.4 Air Magic
 + Level 2.4 Earth Magic
 + Level 2.4 Poison Magic
 + Level 4.3 Invocations
 + Level 4.0 Evocations


You had 13 spell levels left.
You didn't know any spells.
Your spell library contained the following spells:

 Spells                   Type           Power      Damage    Failure   Level
 Static Discharge         Conj/Air       8%         N/A       91%         2
 Dispel Undead            Necr           8%         3d8       100%        4
 Sticky Flame             Conj/Fire      8%         2d3       100%        4


Dungeon Overview and Level Annotations

Branches:
Dungeon (5/15)             Temple (1/1) D:4

Altars:
Dithmenos
Elyvilon
Fedhas
Gozag
Hepliaklqana
Kikubaaqudgha
Nemelex Xobeh
Qazlal
Sif Muna
Uskayaw
Vehumet
Wu Jian
The Shining One

Shops:
D:4 [

Annotations:
D:5 Prince Ribbit


Innate Abilities, Weirdness & Mutations

You have very sharp teeth.
Your uncanny sense of smell can sniff out nearby items.
Your experience applies equally to all skills.


Message History

Aim: a hound (almost dead, 50% to hit)
You throw a throwing net.
The throwing net closely misses the hound.
The hound barely misses you. The hound closely misses you.
You hit the hound.
You kill the hound!
Prince Ribbit hops awkwardly around.
You see here 7 gold pieces.
You see here a throwing net.
m - a throwing net Prince Ribbit sighs, "It's not easy being green!"
Prince Ribbit blinks!
Throw: throwing net
Press: ? - help, Q - select action, (/) - cycle Shift-Dir - straight line, f - Prince Ribbit
Aim: Prince Ribbit (39% to hit)
You throw a throwing net. The throwing net hits Prince Ribbit.
Prince Ribbit is caught in the net!
Prince Ribbit struggles against the net.
Prince Ribbit lets out a mournful croak.
Prince Ribbit struggles against the net.
Prince Ribbit blinks!
You sock Prince Ribbit! You bite Prince Ribbit.
Prince Ribbit is moderately wounded.
You barely miss Prince Ribbit.
Prince Ribbit is moderately wounded.
Prince Ribbit barely misses you. Prince Ribbit hits you!
* * * LOW HITPOINT WARNING * * *
You miss Prince Ribbit. Your bite misses Prince Ribbit.
Prince Ribbit is moderately wounded.
Prince Ribbit hits you but does no damage. x2
You hit Prince Ribbit. Your bite misses Prince Ribbit.
Prince Ribbit is heavily wounded.
Prince Ribbit hits you but does no damage.
Prince Ribbit hits you!
* * * LOW HITPOINT WARNING * * *
You miss Prince Ribbit.
Prince Ribbit is heavily wounded.
Prince Ribbit hits you!
You die...
Your body crumbles into a pile of gold.

#.# #. #..(.....#... #.# #.###
#....(...#.#. #.# #...#
#.(....#. #.# #...# ###...###))
#.####..######...#...#.#
#.#.)........$.#####....
#.#.............######.#
#.#...F......##....###)#
#.###..@.$##.# #.#.....#
##.##.........# .###..##
#..#..#'####..# #.##...##
###.##..#≈ #..# #..#.#..#
#.......#≈ #..## #.#.##..
###.#.###.#≈ #...# #.......
#...#.###.#≈ #...#####.###.
#....##......######.#...#.......
#....#..###.........#.#.#......#


You could see Prince Ribbit.

Vanquished Creatures
  A black bear (D:4)
  2 necrophages
  A phantom (D:4)
  A wyvern zombie (D:5)
  A water moccasin skeleton (D:5)
  A jelly (D:5)
  3 hounds
  3 orc priests
  A gnoll shaman (D:5)
  4 iguanas
  An orc wizard (D:4)
  3 adders
  7 gnolls
  2 worms
  2 dart slugs (D:5)
  13 orcs
  5 ball pythons
  4 endoplasms
  11 giant cockroaches (D:2)
  6 goblins
  8 hobgoblins
  3 kobolds
  2 quokkas
  2 bats (D:1)
  A frilled lizard (D:3)
  7 rats
95 creatures vanquished.

Notes
Turn   | Place    | Note
-------+----------+-------------------------------------------
     0 | D:1      | croobank the Gnoll Wanderer began the quest for the Orb.
     0 | D:1      | croobank set off with the following items: a +0 shortbow, a
                  | +2 leather armour, 27 arrows, a scroll of fog
     0 | D:1      | Reached XP level 1. HP: 17/17 MP: 2/2
    59 | D:1      | Found a faded altar of an unknown god.
   176 | D:1      | Reached XP level 2. HP: 23/23 MP: 3/3
   732 | D:2      | Reached XP level 3. HP: 26/28 MP: 4/4
   805 | D:2      | Reached skill level 1 in Short Blades
   805 | D:2      | Reached skill level 1 in Long Blades
   805 | D:2      | Reached skill level 1 in Axes
   805 | D:2      | Reached skill level 1 in Maces & Flails
   805 | D:2      | Reached skill level 1 in Polearms
   805 | D:2      | Reached skill level 1 in Staves
   805 | D:2      | Reached skill level 1 in Slings
   805 | D:2      | Reached skill level 1 in Crossbows
   805 | D:2      | Reached skill level 1 in Throwing
   805 | D:2      | Reached skill level 1 in Shields
   805 | D:2      | Reached skill level 1 in Unarmed Combat
   805 | D:2      | Reached skill level 1 in Spellcasting
   958 | D:2      | Reached XP level 4. HP: 26/34 MP: 6/6
  1690 | D:3      | Identified the +5 mace of the Saviour {vorpal, Int+4}
  1695 | D:3      | Reached skill level 1 in Conjurations
  1695 | D:3      | Reached skill level 1 in Hexes
  1695 | D:3      | Reached skill level 1 in Summonings
  1695 | D:3      | Reached skill level 1 in Necromancy
  1695 | D:3      | Reached skill level 1 in Translocations
  1695 | D:3      | Reached skill level 1 in Transmutations
  1695 | D:3      | Reached skill level 1 in Fire Magic
  1695 | D:3      | Reached skill level 1 in Ice Magic
  1695 | D:3      | Reached skill level 1 in Air Magic
  1695 | D:3      | Reached skill level 1 in Earth Magic
  1695 | D:3      | Reached skill level 1 in Poison Magic
  1734 | D:3      | Found a shadowy altar of Dithmenos.
  1907 | D:3      | Reached XP level 5. HP: 10/40 MP: 7/7
  2634 | D:4      | Noticed a necrophage
  2645 | D:4      | Killed a necrophage
  2646 | D:4      | Reached XP level 6. HP: 47/47 MP: 8/8
  2934 | D:4      | Reached skill level 5 in Armour
  3281 | D:4      | Found Xyixt's Antique Armour Boutique.
  3296 | D:4      | Reached XP level 7. HP: 39/52 MP: 10/10
  3496 | D:4      | Reached skill level 7 in Dodging
  3519 | D:4      | Found a staircase to the Ecumenical Temple.
  3528 | Temple   | Entered the Ecumenical Temple
  3537 | Temple   | Became a worshipper of Gozag Ym Sagoz the Greedy
  3974 | D:5      | Entered Level 5 of the Dungeon
  4598 | D:5      | Reached XP level 8. HP: 44/60 MP: 8/12
  4913 | D:5      | Noticed Prince Ribbit
  4941 | D:5      | HP: 2/60 [Prince Ribbit (11)]
  4942 | D:5      | Mangled by Prince Ribbit

Illustrated notes

Levels and vault maps discovered:
D:1:      dpeg_arrival_rhombi, layout_basic,
          hellmonk_ecumenical_altar_pennies_from_heaven
D:2:      minmay_roachtagon, layout_basic
D:3:      layout_loops_ring, mainiacjoe_overflow_paths, amethyst_killhole,
          amcnicky_mini_rare_corridor_liquid
D:4:      minmay_skewed_foursquare, layout_cave_pools, lemuel_temple_firewalk_b,
          chequers_serial_rivers_micro_e, nicolae_inconvenience_store
D:5:      layout_rooms, general_overflow_altar,
          nicolae_concentric_dashed_squares_mild, uniq_prince_ribbit1
Temple:   nicolae_temple_no_exploring_needed

Skill      XL: |  1  2  3  4  5  6  7  8 |
---------------+-------------------------+-----
Short Blades   | 1 2 3 |  3.0
Long Blades    | 1 2 3 |  3.0
Axes           | 1 2 3 |  3.0
Maces & Flails | 1 2 3 |  3.0
Polearms       | 1 2 3 |  3.0
Staves         | 1 2 3 |  3.0
Slings         | 1 2 3 |  3.0
Crossbows      | 1 2 3 |  3.0
Throwing       | 1 2 3 |  3.0
Shields        | 1 2 3 |  3.0
Unarmed Combat | 1 2 3 |  3.0
Spellcasting   | 1 2 3 |  3.0
Conjurations   | 1 2 |  2.4
Hexes          | 1 2 |  2.4
Summonings     | 1 2 |  2.4
Necromancy     | 1 2 |  2.4
Translocations | 1 2 |  2.4
Transmutations | 1 2 |  2.4
Fire Magic     | 1 2 |  2.4
Ice Magic      | 1 2 |  2.4
Air Magic      | 1 2 |  2.4
Earth Magic    | 1 2 |  2.4
Poison Magic   | 1 2 |  2.4
Invocations    | 3 4 |  4.3
Fighting       | 3 4 |  4.0
Bows           | 3 4 |  4.0
Evocations     | 3 4 |  4.0
Stealth        | 3 |  3.9
Armour         | 5 |  5.5
Dodging        | 7 |  7.2

Action                   |  1- 3 |  4- 6 |  7- 9 || total
-------------------------+-------+-------+-------++-------
Melee: Hand axe          |     5 |    59 |       ||    64
       Bite              |     2 |    14 |    17 ||    33
       Mace              |       |    98 |   105 ||   203
       Punch             |       |     2 |     2 ||     4
 Fire: Shortbow          |    69 |       |     4 ||    73
Throw: Stone             |       |     1 |     1 ||     2
       Throwing net      |       |     1 |     6 ||     7
       Javelin           |       |       |     3 ||     3
Evoke: Wand              |       |       |     5 ||     5
  Use: Scroll            |       |     2 |     5 ||     7
       Potion            |       |     1 |     1 ||     2
 Stab: Sleeping          |       |     3 |       ||     3
       Held in net/web   |       |     1 |       ||     1
       Paralysed         |       |       |     2 ||     2
Armor: Leather armour    |    10 |    57 |    12 ||    79
       Skin              |       |    16 |       ||    16
       Chain mail        |       |       |    35 ||    35
Dodge: Dodged            |    25 |   125 |    85 ||   235
